 Dungeon Sprint DCSS version 0.21.0-25-ge575cb9ce8 (webtiles) character file.

32847 Pluck the Fencer (level 13, -2/129 HPs)
             Began as a Centaur Berserker on Jan 25, 2018.
             Was the Champion of Trog.
             Slain by an anaconda (6 damage)
             ... in the Dungeon (Sprint IX: "|||||||||||||||||||||||||||||").
             The game lasted 00:10:46 (3789 turns).

Pluck the Fencer (Centaur Berserker)                Turns: 3789, Time: 00:10:47

Health: -2/129     AC: 29    Str: 20    XL:     13   Next: 33%
Magic:  13/13      EV:  4    Int:  9    God:    Trog [******]
Gold:   248        SH:  0    Dex: 17    Spells: 12/12 levels left

rFire    + + +     SeeInvis .   m - +3 triple sword (freeze)
rCold    . . .     Gourm    .   (shield currently unavailable)
rNeg     . . .     Faith    .   C - +10 plate armour of Qumo {rF+ rC+ Slay+2}
rPois    +         Spirit   .   a - +1 hat {MR+}
rElec    .         Reflect  .   n - +0 cloak
rCorr    .         Harm     .   M - +2 pair of gloves of Zin's Delight {rF+++ rC- Int+3}
MR       +....     NoTele   +   (no barding)
Stlth    ..........             (no amulet)
HPRegen  0.31/turn              q - +3 ring of dexterity
MPRegen  0.13/turn              G - ring of poison resistance

@: berserk cooldown, slowed, constricted
A: large, hooves 3, deformed body, speed 2, tough skin 3
a: Berserk, Trog's Hand, Brothers in Arms, Burn Spellbooks, Renounce Religion


You were in the Dungeon.
You worshipped Trog.
Trog was exalted by your worship.
You were very hungry.

You visited 1 branch You collected 1915 gold pieces.
You spent 1667 gold pieces at shops.

Inventory:

Hand Weapons
 b - a +4 antimagic great sword
 m - a +3 triple sword of freezing (weapon)
 o - a +5 double sword of holy wrath
 p - a +2 scimitar of flaming
 L - a +1 longbow
Missiles
 t - 46 arrows
Armour
 a - a +1 hat of magic resistance (worn)
 n - a +0 cloak (worn)
 C - the +10 plate armour of Qumo (worn) {rF+ rC+ Slay+2}
   (You bought it in a shop in the Dungeon)

   It affects your accuracy and damage with ranged weapons and melee attacks
   (+2).
   It protects you from fire.
   It protects you from cold.
 D - a +0 pair of gloves
 M - the +2 pair of gloves of Zin's Delight (worn) {rF+++ rC- Int+3}
   (You found it in the Dungeon)

   It affects your intelligence (+3).
   It renders you almost immune to fire.
   It makes you vulnerable to cold.
Jewellery
 q - a +3 ring of dexterity (left hand)
 s - an uncursed ring of protection from fire
 x - an uncursed ring of protection from magic
 y - an uncursed ring of protection from magic
 G - a ring of poison resistance (right hand)
 K - an uncursed ring of poison resistance
Wands
 c - a wand of iceblast (3)
 l - a wand of acid (5)
Scrolls
 i - a scroll of blinking
 k - 5 scrolls of remove curse
 u - 2 scrolls of fog
 v - 2 scrolls of fear
 w - 2 scrolls of identify
 E - 4 scrolls of enchant armour
 F - a scroll of magic mapping {unknown}
 H - a scroll of enchant weapon {unknown}
Potions
 d - 6 potions of curing
 e - 5 potions of heal wounds
 f - 2 potions of haste
 g - 4 potions of magic
 h - 2 potions of berserk rage
 j - a potion of invisibility
 r - 3 potions of agility
 A - a potion of flight
 I - a potion of degeneration {unknown}
 J - a potion of ambrosia {unknown}
 N - a potion of might
Comestibles
 z - 9 rations
 B - 7 chunks of flesh


   Skills:
 - Level 16.3 Fighting
 - Level 20.0 Long Blades
 + Level 18.7 Bows
 - Level 11.6 Armour
 - Level 6.1 Dodging


You had 12 spell levels left.
You didn't know any spells.

Dungeon Overview and Level Annotations

Branches:
Dungeon (1/1)

Altars:
Cheibriados
Dithmenos
Elyvilon
Fedhas
Gozag
Hepliaklqana
Kikubaaqudgha
Makhleb
Nemelex Xobeh
Okawaru
Qazlal
Ru
Sif Muna
Trog
Uskayaw
Vehumet
Wu Jian
Xom
Yredelemnul
Zin
The Shining One
Beogh
Jiyva
Lugonu

Shops:
D **=%


Innate Abilities, Weirdness & Mutations

You have hooves in place of feet.
Armour fits poorly on your strangely shaped body.
You cover ground very quickly.
You have extremely tough skin. (AC +3)


Message History

Your troll goes berserk!
You feel quite a bit more hungry.
You feel sick. The anaconda grabs you. The anaconda bites you!
* * * LOW HITPOINT WARNING * * *
The anaconda constricts you.
The anaconda bites you but does no damage.
* * * LOW HITPOINT WARNING * * *
The anaconda constricts you.
The anaconda's grasp on you weakens, but your attempt to escape fails.
The anaconda bites you.
* * * LOW HITPOINT WARNING * * *
x2 The anaconda constricts you.
The anaconda bites you but does no damage.
The anaconda constricts you.
Unknown command.
You feel sick.
You are no longer poisoned.
The anaconda bites you but does no damage.
The anaconda constricts you. The anaconda bites you.
You die...

_▓.▓.▓(▓)▓.▓[▓.▓)▓
_▓.▓.▓(▓(▓.▓[▓.▓)▓
_▓.▓.▓.▓)▓.▓[▓.▓.▓
_▓.▓'▓(▓)▓.▓[▓.▓)▓
_▓.▓.▓(▓)▓.▓.▓.▓.▓
_▓.▓.▓.▓)▓.▓!▓.▓.▓
_▓.▓.▓(▓)▓.▓.▓.▓.▓
_▓.▓.▓.▓.▓.▓.▓.▓T▓
_▓.▓.▓.▓.▓.▓.▓.▓@▓
_▓.▓.▓.▓[▓.▓.▓.▓S▓
_▓.▓.▓.▓)▓.▓.▓.▓)▓
_▓.▓.▓.▓[▓.▓.▓.▓)▓
_▓.▓.▓.▓[▓.▓.▓.▓.▓
'▓.▓†▓.▓)▓.▓.▓.▓.▓
.▓.▓.▓.▓[▓)▓)▓.▓.▓
?▓.▓.▓.▓.▓.▓)▓.▓.▓
|▓.▓.▓.▓.▓.▓.▓.▓.▓


You could see an anaconda and a friendly troll (berserk).

Vanquished Creatures
  Gastronok (D)
  2 nagarajas (D)
  An emperor scorpion (D)
  3 ogre magi (D)
  Erolcha (D)
  Erica (D)
  A catoblepas (D)
  An anaconda (D)
  A hydra (D)
  A tengu warrior (D)
  3 two-headed ogres (D)
  A deep troll earth mage (D)
  Urug (D)
  5 deep trolls (D)
  2 sea snakes (D)
  A glowing orange brain (D)
  A harpy (shapeshifter) (D)
  3 wolf spiders (D)
  An oklob plant (D)
  2 manticores (D)
  Maurice (D)
  Joseph (D)
  2 black mambas (D)
  A naga mage (D)
  3 spiny frogs (D)
  A rime drake (D)
  A komodo dragon (D)
  4 merfolk (D)
  4 trolls (D)
  A wind drake (D)
  2 jumping spiders (D)
  3 slime creatures (D)
  A hornet (D)
  A redback (D)
  A wraith (D)
  A wyvern (D)
  A tarantella (D)
  2 yaks (D)
  A naga (D)
  3 wargs (D)
  2 hell hounds (D)
  A water moccasin (D)
  9 orc warriors (D)
  3 wolves (D)
  A boggart (D)
  An ogre (D)
  2 crocodiles (D)
  A bullfrog (D)
  A killer bee (D)
  2 wights (D)
  A crimson imp (D)
  5 orc priests (D)
  4 orc wizards (D)
  A worker ant (D)
  2 adders (D)
  A shadow imp (D)
  A worm (D)
  3 orcs (D)
  A ball python (D)
  A bat (D)
  A bat skeleton (D)
  A bat zombie (D)
  A goblin (D)
  A frilled lizard (D)
  A quokka simulacrum (D)
  2 rats (D)
118 creatures vanquished.

Vanquished Creatures (collateral kills)
  A nagaraja (D)
  A hydra (D)
  An ogre mage (D)
  A deep troll (D)
  An orc knight (D)
  An elephant (D)
  A troll (D)
  A hippogriff (D)
  A porcupine (D)
  3 orc warriors (D)
  A crocodile (D)
  An orc priest (D)
  An orc (D)
15 creatures vanquished.

Grand Total: 133 creatures vanquished

Notes
Turn   | Place    | Note
-------+----------+-------------------------------------------
     0 | D        | Pluck the Centaur Berserker began the quest for the Orb.
     0 | D        | Reached XP level 1. HP: 19/19 MP: 1/1
     4 | D        | Reached skill level 3 in Long Blades
    13 | D        | Reached ** piety under Trog
    17 | D        | Reached skill level 4 in Long Blades
    27 | D        | Reached *** piety under Trog
    27 | D        | Reached skill level 5 in Long Blades
    27 | D        | Reached XP level 2. HP: 26/26 MP: 2/2
    29 | D        | Reached skill level 6 in Long Blades
    32 | D        | Reached XP level 3. HP: 31/31 MP: 3/3
    87 | D        | Found a roughly hewn altar of Beogh.
    87 | D        | Found a snail-covered altar of Cheibriados.
    87 | D        | Found a shadowy altar of Dithmenos.
    87 | D        | Found a white marble altar of Elyvilon.
    87 | D        | Found a blossoming altar of Fedhas.
    87 | D        | Found an opulent altar of Gozag.
    88 | D        | Found a hazy altar of Hepliaklqana.
    89 | D        | Found a viscous altar of Jiyva.
    90 | D        | Found an ancient bone altar of Kikubaaqudgha.
    91 | D        | Found a corrupted altar of Lugonu.
    92 | D        | Found a burning altar of Makhleb.
    93 | D        | Found a sparkling altar of Nemelex Xobeh.
    94 | D        | Found an iron altar of Okawaru.
    95 | D        | Found a stormy altar of Qazlal.
    96 | D        | Found a sacrificial altar of Ru.
    97 | D        | Found a deep blue altar of Sif Muna.
    98 | D        | Found a bloodstained altar of Trog.
    99 | D        | Found a hide-covered altar of Uskayaw.
   100 | D        | Found a radiant altar of Vehumet.
   101 | D        | Found an ornate altar of the Wu Jian Council.
   102 | D        | Found a shimmering altar of Xom.
   103 | D        | Found a basalt altar of Yredelemnul.
   104 | D        | Found a glowing silver altar of Zin.
   105 | D        | Found a glowing golden altar of the Shining One.
   152 | D        | Noticed a killer bee
   152 | D        | Noticed a two-headed ogre
   152 | D        | Noticed an ogre
   152 | D        | Noticed a yak
   153 | D        | Reached **** piety under Trog
   155 | D        | Killed an ogre
   155 | D        | Reached skill level 5 in Fighting
   155 | D        | Reached skill level 7 in Long Blades
   155 | D        | Reached XP level 4. HP: 34/42 MP: 4/4
   157 | D        | Killed a two-headed ogre
   157 | D        | Reached skill level 11 in Long Blades
   157 | D        | Reached XP level 5. HP: 40/57 MP: 5/5
   157 | D        | Reached XP level 6. HP: 45/64 MP: 6/6
   157 | D        | Reached XP level 7. HP: 50/70 MP: 7/7
   158 | D        | Reached ***** piety under Trog
   160 | D        | Killed a yak
   160 | D        | Reached skill level 10 in Fighting
   313 | D        | Noticed a wraith
   313 | D        | Noticed a troll
   313 | D        | Noticed a slime creature
   317 | D        | Killed a wraith
   317 | D        | Reached XP level 8. HP: 80/80 MP: 8/8
   318 | D        | Received a gift from Trog
   330 | D        | Killed a troll
   330 | D        | Reached skill level 12 in Long Blades
   336 | D        | Killed a slime creature
   482 | D        | Noticed a komodo dragon
   482 | D        | Noticed a spiny frog
   482 | D        | Noticed a spiny frog
   487 | D        | Reached skill level 5 in Armour
   492 | D        | Noticed a rime drake
   492 | D        | Killed a komodo dragon
   492 | D        | Reached skill level 13 in Long Blades
   495 | D        | Killed a spiny frog
   495 | D        | Reached XP level 9. HP: 90/90 MP: 3/9
   497 | D        | Killed a spiny frog
   497 | D        | Received a gift from Trog
   497 | D        | Reached skill level 5 in Dodging
   500 | D        | Reached skill level 14 in Long Blades
   502 | D        | Killed a rime drake
   670 | D        | Noticed a five-headed hydra
   670 | D        | Noticed an elephant
   670 | D        | Noticed an oklob plant
   690 | D        | Killed a six-headed hydra
   691 | D        | Received a gift from Trog
   693 | D        | Killed an elephant
   730 | D        | Noticed a spiny frog
   731 | D        | Noticed a four-headed hydra
   743 | D        | Killed an oklob plant
   743 | D        | Reached skill level 15 in Long Blades
   743 | D        | Reached XP level 10. HP: 39/99 MP: 3/10
   775 | D        | Killed a five-headed hydra
   779 | D        | Killed a spiny frog
  1060 | D        | Reached ****** piety under Trog
  1060 | D        | Reached skill level 16 in Long Blades
  1063 | D        | Received a gift from Trog
  1267 | D        | Noticed Gastronok
  1279 | D        | Killed Gastronok
  1317 | D        | Noticed Joseph
  1323 | D        | Noticed Urug
  1328 | D        | Killed Joseph
  1335 | D        | Killed Urug
  1335 | D        | Reached skill level 17 in Long Blades
  1335 | D        | Reached XP level 11. HP: 104/108 MP: 3/11
  1512 | D        | Received a gift from Trog
  1533 | D        | Received a gift from Trog
  1650 | D        | Noticed an orc knight
  1652 | D        | Received a gift from Trog
  1663 | D        | Killed an orc knight
  1663 | D        | Received a gift from Trog
  1942 | D        | Found Syubloutt's General Store.
  1942 | D        | Noticed a deep troll
  1942 | D        | Noticed a deep troll
  1942 | D        | Noticed an ogre mage
  1942 | D        | Noticed a deep troll
  1945 | D        | Killed a deep troll
  1947 | D        | Killed a deep troll
  1947 | D        | Reached skill level 18 in Long Blades
  1948 | D        | Noticed an ogre mage
  1950 | D        | Noticed a deep troll
  1950 | D        | Killed an ogre mage
  1950 | D        | Received a gift from Trog
  1951 | D        | Found Sihoasag's Assorted Antiques.
  1952 | D        | Killed a deep troll
  1956 | D        | Found Jupa's Jewellery Emporium.
  1973 | D        | Killed a deep troll
  1978 | D        | Killed an ogre mage
  1978 | D        | Received a gift from Trog
  1995 | D        | Noticed an ogre mage
  2005 | D        | Killed an ogre mage
  2005 | D        | Reached skill level 15 in Fighting
  2366 | D        | Found Ruud's Food Shoppe.
  2369 | D        | Noticed a deep troll
  2370 | D        | Noticed a deep troll
  2377 | D        | Killed a deep troll
  2382 | D        | Killed a deep troll
  2382 | D        | Reached skill level 10 in Armour
  2425 | D        | Bought the +10 plate armour of Qumo {rF+ rC+ Slay+2} for 1220 gold pieces
  2425 | D        | Bought a scroll of enchant armour for 90 gold pieces
  2427 | D        | Bought a scroll of enchant armour for 165 gold pieces
  2435 | D        | Bought a scroll labeled QOD HAVEADOXIL for 22 gold pieces
  2435 | D        | Bought a steel ring for 110 gold pieces
  2435 | D        | Bought a scroll labeled FOYROI EXIVVO for 22 gold pieces
  2435 | D        | Bought a ruby potion for 19 gold pieces
  2435 | D        | Bought a viscous amethyst potion for 19 gold pieces
  2494 | D        | Noticed Maurice
  2503 | D        | Killed Maurice
  2503 | D        | Received a gift from Trog
  2503 | D        | Reached skill level 19 in Long Blades
  2522 | D        | Noticed Erica
  2528 | D        | Killed Erica
  2528 | D        | Reached XP level 12. HP: 118/121 MP: 12/12
  2533 | D        | Noticed Erolcha
  2540 | D        | Killed Erolcha
  2600 | D        | Got the +2 pair of gloves of Zin's Delight {rF+++ rC- Int+3}
  2633 | D        | Noticed a two-headed ogre
  2633 | D        | Noticed a two-headed ogre
  2635 | D        | Noticed a catoblepas
  2636 | D        | Killed a two-headed ogre
  2637 | D        | Noticed an ogre mage
  2639 | D        | Killed a two-headed ogre
  2640 | D        | Received a gift from Trog
  2649 | D        | Noticed a deep troll earth mage
  2661 | D        | Killed a catoblepas
  2741 | D        | Killed an ogre mage
  2744 | D        | Killed a deep troll earth mage
  2744 | D        | Received a gift from Trog
  2873 | D        | Noticed a tengu warrior
  2881 | D        | Received a gift from Trog
  2888 | D        | Killed a tengu warrior
  2888 | D        | Reached skill level 20 in Long Blades
  3037 | D        | Received a gift from Trog
  3040 | D        | Reached skill level 5 in Bows
  3042 | D        | Noticed an emperor scorpion
  3045 | D        | Received a gift from Trog
  3174 | D        | Killed an emperor scorpion
  3174 | D        | Reached skill level 10 in Bows
  3548 | D        | Received a gift from Trog
  3600 | D        | Received a gift from Trog
  3609 | D        | Reached XP level 13. HP: 129/129 MP: 13/13
  3755 | D        | Noticed a nagaraja
  3755 | D        | Noticed a nagaraja
  3760 | D        | Noticed a nagaraja
  3763 | D        | Killed a nagaraja
  3763 | D        | Received a gift from Trog
  3766 | D        | Killed a nagaraja
  3775 | D        | Received a gift from Trog
  3785 | D        | Killed a nagaraja
  3788 | D        | HP: 6/129 [anaconda (2)]
  3789 | D        | Slain by an anaconda

Skill      XL: |  1  2  3  4  5  6  7  8  9 10 11 12 13 |
---------------+----------------------------------------+-----
Long Blades    | 5 6 7 11 13 15 17 19 20 | 20.0
Fighting       | 5 9 10 11 12 13 15 16 | 16.3
Armour         | 2 3 4 5 6 8 10 11 | 11.6
Dodging        | 2 3 4 5 6 |  6.1
Bows           | 13 18 | 18.7

Action                   |  1- 3 |  4- 6 |  7- 9 | 10-12 | 13-15 || total
-------------------------+-------+-------+-------+-------+-------++-------
Melee: Falchion          |    20 |       |       |       |       ||    20
       Kick              |     3 |       |    16 |    82 |    10 ||   111
       Scimitar          |     1 |       |    23 |    21 |    12 ||    57
       Great sword       |       |       |    31 |    95 |       ||   126
       Triple sword      |       |       |       |    99 |    20 ||   119
 Fire: Longbow           |       |       |       |     7 |       ||     7
Invok: Berserk           |     1 |       |     2 |    13 |     1 ||    17
       Brothers in Arms  |       |       |     1 |     6 |     2 ||     9
Evoke: Wand              |     1 |     2 |     2 |       |       ||     5
  Use: Scroll            |       |       |       |     1 |       ||     1
 Stab: Petrified         |       |       |       |     2 |       ||     2
  Eat: Chunk             |       |       |     3 |    13 |       ||    16
       Ration            |       |       |       |     3 |       ||     3
Armor: Animal skin       |     7 |       |       |       |       ||     7
       Chain mail        |       |     2 |     4 |    40 |       ||    46
       Plate armour      |       |       |       |    88 |    24 ||   112
Dodge: Dodged            |    14 |     1 |     8 |    64 |    12 ||    99
       Rpst.: Falchion   |     7 |       |       |       |       ||     7
       Scimitar          |       |       |     1 |     1 |       ||     2
       Great sword       |       |       |       |     4 |       ||     4
       Triple sword      |       |       |       |     6 |       ||     6
